AoeStats
← jakobtoxvig

Lombardia

509934107Analyzed
2v2 RM · 4d ago on Sep 28, 2026· 54m 1s· 4 players
Game mode
Random Map
Map size
Medium (4 player)
Population
200
Speed
Normal
Resources
Standard
Victory
Conquest
Starting age
Dark Age
Ending age
Imperial Age
RankedLock teamsTeams togetherTeam positionsShared explorationLock speedFull tech treeHidden civsTurbo modeCheats
Victory
Defeat
🇺🇾 Italians · Uruguay
1428
+11
🇦🇷 Hindustanis · Argentina
1303
+17
🇩🇰 Tatars · Denmark
1314
-14
🇩🇰 Varangians · Denmark
1314
-14
xkasperxx
10:15 Feudal Age
9:52 Loom
11:07 Double-Bit Axe
15:21 Castle Age
13:51 Gold Mining
14:09 Fletching
14:47 Padded Archer Armor
15:30 Elite Skirmisher
16:27 Horse Collar
18:46 Bow Saw
19:31 Bloodlines
20:57 Heavy Plow
22:15 Wheelbarrow
22:19 Bodkin Arrow
23:51 Leather Archer Armor
24:46 Hand Cart
25:07 Ballistics
25:54 Hand Cart
25:24 Town Watch
27:39 Gold Shaft Mining
26:56 Stone Mining
28:34 Husbandry
29:46 Masonry
36:33 Imperial Age
34:07 Town Patrol
35:58 Scale Barding Armor
36:05 Forging
35:26 Light Cavalry
38:12 Bracer
39:14 Chemistry
38:30 Murder Holes
43:39 Iron Casting
44:33 Silk Armor
44:29 Heavy Cavalry Archer
jakobtoxvig
11:10 Feudal Age
9:49 Loom
12:59 Double-Bit Axe
12:56 Horse Collar
18:43 Wheelbarrow
17:53 Town Watch
23:37 Castle Age
23:13 Fletching
23:24 Padded Archer Armor
23:43 Elite Skirmisher
29:03 Forging
28:59 Scale Barding Armor
28:54 Scale Mail Armor
31:52 Bow Saw
32:17 Bodkin Arrow
32:37 Leather Archer Armor
33:05 Gold Mining
33:06 Stone Mining
35:52 Chain Mail Armor
36:13 Iron Casting
39:31 Imperial Age
38:36 Gambesons
43:34 Heavy Plow
44:40 Pikeman
46:12 Halberdier
47:37 Bracer
48:59 Ring Archer Armor
49:57 Elite Varangian Guard
Gordo Tetovich
6:47 Loom
8:55 Feudal Age
19:33 Padded Archer Armor
20:27 Fletching
32:06 Castle Age
41:57 Horse Collar
42:35 Town Watch
43:26 Wheelbarrow
45:26 Town Patrol
49:00 Double-Bit Axe
49:26 Heavy Plow
51:11 Bow Saw
54:23 Imperial Age
53:00 Scale Mail Armor
53:00 Stone Mining
53:00 Gold Mining
54:22 Chain Mail Armor
54:18 Forging
54:33 Silk Road
55:16 Stone Shaft Mining
Nerfo
6:31 Loom
10:09 Feudal Age
15:04 Double-Bit Axe
17:40 Castle Age
16:02 Horse Collar
19:19 Bow Saw
22:55 Wheelbarrow
23:46 Town Watch
25:04 Gold Mining
25:05 Stone Mining
26:14 Hand Cart
27:07 Heavy Plow
27:59 Gold Shaft Mining
27:59 Stone Shaft Mining
31:34 Imperial Age
30:51 Scale Barding Armor
30:56 Forging
31:28 Bloodlines
31:19 Husbandry
32:51 Chain Barding Armor
33:07 Iron Casting
31:56 Heavy Camel Rider
34:01 Conscription
34:37 Plate Barding Armor
33:44 Imperial Camel Rider
35:57 Blast Furnace
35:53 Fletching
38:13 Chemistry
37:25 Masonry
38:28 Two-Man Saw
39:36 Padded Archer Armor
39:31 Bodkin Arrow
39:37 Scale Mail Armor
42:41 Shatagni
43:58 Leather Archer Armor
43:44 Bracer
43:06 Light Cavalry
50:28 Hussar
Connection lost

Rejoining the realm…

Still unreachable

The connection could not be restored.

Session expired

The server has moved on; the page needs a fresh start.